 Dungeon Crawl Stone Soup version 0.28-a0-224-g76b539d98b (webtiles) character file.

Game seed: 16413354343368527382

13 zdrol the Skirmisher (level 2, 0/27 HPs)
             Began as a Minotaur Monk on Aug 21, 2021.
             Succumbed to a kobold's poison
             ... on level 1 of the Dungeon.
             The game lasted 00:01:25 (422 turns).

zdrol the Skirmisher (Minotaur Monk)                 Turns: 422, Time: 00:01:25

Health: 0/27       AC:  2    Str: 15    XL:     2   Next: 24%
Magic:  1/1        EV: 13    Int:  7    God:
Gold:   0          SH:  0    Dex: 12    Spells: 1/1 levels left

rFire   . . .      SeeInvis .   a - +0 hand axe
rCold   . . .      Faith    .   (no shield)
rNeg    . . .      Spirit   .   b - +0 robe
rPois   .          Reflect  .   (helmet restricted)
rElec   .          Harm     .   (no cloak)
rCorr   .          Rampage  .   (no gloves)
Will    .....                   (no boots)
Stlth   ++........              (no amulet)
HPRegen 0.09/turn               (no ring)
MPRegen 0.07/turn               (no ring)

@: lethally poisoned (0 -> -10)
A: horns 2, retaliatory headbutt
a: no special abilities


You were on level 1 of the Dungeon.
You visited 1 branch of the dungeon, and saw 1 of its levels.

Inventory:

Hand Weapons
 a - a +0 hand axe (weapon)
Missiles
 c - 7 poisoned darts (quivered)
Armour
 b - a +0 robe (worn)
Scrolls
 d - a scroll of torment {unknown}


   Skills:
 + Level 4.0 Fighting
 + Level 3.8 Axes
 + Level 3.5 Dodging
 + Level 1.6 Stealth


You had one spell level left.
You didn't know any spells.
Your spell library was empty.

Dungeon Overview and Level Annotations

Branches:
Dungeon (1/15)

Altars:


Innate Abilities, Weirdness & Mutations

You have a pair of horns on your head.
You reflexively headbutt those who attack you in melee.


Message History

You see here 7 poisoned darts.
c - 7 poisoned darts
Found a scroll labelled GOLOJU XOUXUMU.
d - a scroll labelled GOLOJU XOUXUMU
Okay, then.
A ball python comes into view.
The ball python closely misses you. The ball python grabs you.
The ball python constricts you.
You slash the ball python!
You kill the ball python!
An endoplasm comes into view.
The endoplasm hits you. The endoplasm barely misses you.
You furiously retaliate!
You headbutt the endoplasm, but do no damage.
You hit the endoplasm.
You kill the endoplasm!
A kobold comes into view. It is wielding a +3 dagger of venom.
The kobold shouts!
You closely miss the kobold.
The kobold hits you with a +3 dagger of venom.
You are poisoned.
You hit the kobold.
The kobold is severely wounded.
You feel sick. The kobold hits you but does no damage.
You completely miss the kobold. Your headbutt misses the kobold.
The kobold is severely wounded.
You feel sick.
The kobold hits you with a +3 dagger of venom.
You are lethally poisoned!
You hit the kobold.
You kill the kobold!
You feel very sick.
Your Fighting skill increases to level 4!
There is a lethal amount of poison in your body!
You aren't carrying any potions.
* * * LOW HITPOINT WARNING * * *
You feel very sick.
* * * LOW HITPOINT WARNING * * *
You feel very sick.
You die...

.# ..#.# .##.##
....# .....# #...#
####.# #...# #.#
#)..# #.# #...#
#.###########...#
####.##............#
........########@.##
####.######## #..#
####......... ...#
............. ...##
####..############
......# #######


There were no monsters in sight!

Vanquished Creatures
  An endoplasm (D:1)
  A giant cockroach (D:1)
  2 goblins (D:1)
  A hobgoblin (D:1)
  2 kobolds (D:1)
  A ball python (D:1)
  2 frilled lizards (D:1)
  2 rats (D:1)
12 creatures vanquished.

Notes
Turn   | Place    | Note
-------+----------+-------------------------------------------
     0 | D:1      | zdrol the Minotaur Monk began the quest for the Orb.
     0 | D:1      | Reached XP level 1. HP: 19/19 MP: 0/0
   341 | D:1      | Reached XP level 2. HP: 27/27 MP: 1/1
   420 | D:1      | Reached skill level 4 in Fighting
   422 | D:1      | Succumbed to a kobold's poison

Illustrated notes

Levels and vault maps discovered:
D:1:      minmay_arrival_floating_metal, layout_loops_ring,
          basic_ecumenical_altar

Skill      XL: |  1  2 |
---------------+-------+-----
Fighting       | 4 |  4.0
Axes           | |  3.8
Dodging        | |  3.5
Stealth        | |  1.6

Action                   || total
-------------------------++-------
Melee: Hand axe          ||    22
       Headbutt          ||     1
Armor: Robe              ||     2
Dodge: Dodged            ||    17

Table legend: (Time is in decaauts)
 A = Elapsed time spent in this place.
 B = Non-inter-level travel time spent in this place.
 C = Inter-level travel time spent in this place.
 D = Time resting spent in this place.
 E = Time spent auto-exploring this place.
 F = Levels seen in this place.
 G = Mean time per level.
                   A        B        C        D        E       F      G
               +--------+--------+--------+--------+--------+-----+--------+
         Total |    426 |    426 |      0 |    202 |     98 |   1 |  426.0 |
       Dungeon |    426 |    426 |      0 |    202 |     98 |   1 |  426.0 |
               +--------+--------+--------+--------+--------+-----+--------+

Top non-repeatable levels by time:
     D:1: 426 daAuts
